 Dungeon Crawl Stone Soup version 0.18-a0-1514-g6ed9364 (webtiles) character file.

1462 Oddball22 the Destroyer (level 8, 0/46 HPs)
             Began as an Octopode Conjurer on Mar 6, 2016.
             Was a Follower of Vehumet.
             Slain by a yak (1 damage)
             ... on level 5 of the Dungeon.
             The game lasted 00:23:00 (6181 turns).

Oddball22 the Destroyer (Octopode Conjurer)         Turns: 6181, Time: 00:23:00

Health: 0/46       AC:  1    Str:  7    XL:     8   Next: 77%
Magic:  18/26      EV: 14    Int: 20    God:    Vehumet [*.....]
Gold:   370        SH:  0    Dex: 12    Spells: 6 memorised, 0 levels left

rFire  . . .     SeeInvis .     r - +2 short sword (elec)
rCold  . . .     Gourm    .     (no shield)
rNeg   . . .     Faith    .     (helmet restricted)
rPois  .         Spirit   .     (no amulet)
rElec  .         Dismiss  .     x - +2 ring of evasion
rCorr  .         Reflect  .     K - ring of magical power
SustAt .         Harm     .     (no ring)
MR     .....                    (no ring)
Stlth  +++.......               (no ring)
                                (no ring)
                                (no ring)
                                (no ring)

@: not resistant to hostile enchantments, fairly stealthy
A: almost no armour, amphibious, 8 rings, constrict 8, camouflage 1, gelatinous
body 1
a: Renounce Religion


You were on level 5 of the Dungeon.
You worshipped Vehumet.
Vehumet was aware of your devotion.
You were hungry.

You visited 1 branch of the dungeon, and saw 6 of its levels.

You collected 370 gold pieces.

Inventory:

Hand Weapons
 r - a +2 short sword of electrocution (weapon)
Armour
 i - a +0 buckler
Jewellery
 x - a +2 ring of evasion (left tentacle)
 K - a ring of magical power (right tentacle)
Wands
 l - a wand of digging (6/24)
 n - a wand of flame (25/48)
 C - a wand of iceblast (6/15)
Scrolls
 c - 2 scrolls of fog {unknown}
 d - 2 scrolls of recharging {unknown}
 e - 2 scrolls of immolation {unknown}
 f - 9 scrolls of identify {unknown}
 h - 2 scrolls of remove curse {unknown}
 k - a scroll of blinking {unknown}
 m - 3 scrolls of fear {unknown}
 q - a scroll of magic mapping {unknown}
 w - a scroll of enchant weapon {unknown}
 y - 2 scrolls of teleportation {unknown}
 D - a scroll of amnesia {unknown}
Potions
 g - a potion of lignification {unknown}
 j - 2 potions of flight {unknown}
 p - 2 potions of haste {unknown}
 s - a potion of curing {unknown}
 v - 2 potions of mutation {unknown}
 z - a potion of agility {unknown}
 A - a potion of brilliance {unknown}
 B - a potion of cancellation {unknown}
 G - a potion of heal wounds {unknown}
 I - a potion of might {unknown}
 J - a potion of berserk rage {unknown}
Books
 a - a book of Conjurations

   Spells                             Type                      Level
   a - Magic Dart                     Conjuration                  1
   b - Searing Ray                    Conjuration                  2
   c - Dazzling Spray                 Conjuration/Hexes            3
   d - Fulminant Prism                Conjuration/Hexes            4
   e - Iskenderun's Mystic Blast      Conjuration                  4
   f - Iskenderun's Battlesphere      Conjuration/Charms           5
 o - a book of Death

   Spells                             Type                      Level
   a - Corpse Rot                     Necromancy                   2
   b - Sublimation of Blood           Necromancy                   2
   c - Agony                          Necromancy                   5
   d - Dispel Undead                  Necromancy                   5
   e - Excruciating Wounds            Charms/Necromancy            5
   f - Bolt of Draining               Conjuration/Necromancy       5
 F - Sif Muna's Disquisition on the Compass
   (You found it on level 4 of the Dungeon)

   Spells                             Type                      Level
   a - Apportation                    Translocation                1
 H - a book of Changes

   Spells                             Type                      Level
   a - Beastly Appendage              Transmutation                1
   b - Sticks to Snakes               Transmutation                2
   c - Spider Form                    Transmutation/Poison         3
   d - Ice Form                       Ice/Transmutation            4
   e - Blade Hands                    Transmutation                5
Miscellaneous
 E - a plain deck of summoning
Comestibles
 b - 4 bread rations
 t - 2 beef jerkies
 u - a meat ration


   Skills:
 - Level 2.0 Dodging
 - Level 2.6 Stealth
 - Level 6.4 Spellcasting
 * Level 8.1 Conjurations
 + Level 2.8 Hexes
 + Level 2.4 Charms


You couldn't memorise any spells.
You knew the following spells:

 Your Spells              Type           Power        Failure   Level  Hunger
a - Magic Dart            Conj           ####         1%          1    None
b - Searing Ray           Conj           #####.       1%          2    None
c - Dazzling Spray        Conj/Hex       ####....     3%          3    ##.....
d - Iskenderun's Mystic   Conj           #####...     4%          4    ####...
e - Fulminant Prism       Conj/Hex       ####......   12%         4    ####...
f - Iskenderun's Battles  Conj/Chrm      ####....     38%         5    #####..


Dungeon Overview and Level Annotations

Branches:
Dungeon (6/15)
 Temple: D:4-7

Altars:
Ashenzari
Cheibriados
Dithmenos
Kikubaaqudgha
Makhleb
Nemelex Xobeh
Ru
Sif Muna
Vehumet


Innate Abilities, Weirdness & Mutations

You cannot wear most types of armour.
You are amphibious.
You can wear up to eight rings at the same time.
You can use your tentacles to constrict eight enemies at once.
Your skin changes colour to match your surroundings (Stealth).
Your rubbery body absorbs attacks (AC +1).


Message History

The yak is dazzled.
The yak misses you.
Casting: Dazzling Spray
Confirm with . or Enter, or press ? or * to list all spells.
Aiming: Searing Ray
Press: ? - help, Shift-Dir - straight line, f/p - yak
Aim: a yak (moderately wounded, blind)
The searing ray hits the yak.
The yak is moderately wounded.
The yak closely misses you.
The searing ray hits the yak.
The yak is heavily wounded.
The yak gores you!
* * * LOW HITPOINT WARNING * * *
The searing ray hits the yak.
The yak is severely wounded.
The yak closely misses you.
The searing ray hits the yak.
The yak is almost dead.
The yak gores you.
You die...

#.#.#.#.#.#.###.####
#.#
._..'.##.........#
#.#
#.#.####..#####.[#
#.# ....#
#).#####..# #.####
########.........#
#....#
#[........######.#
####.#
###รท####..#### #.#
#.# #.# #.....# #.#
#.# #.# #.###.# #@#
#.# #.####.###.# #Y#
#.# #..........# #.#
#.# ######.###.###>#
#.# #.........# #.#
#####.##### #.#
#....# #.## #.##.#
#..# #.##.# ##.#


You could see a yak (blind).

Vanquished Creatures
  A yak (D:6)
  3 ice beasts (D:5)
  Purgy (D:3)
  A black bear (D:6)
  2 ogres
  The ghost of Shelf the Insei, an amateur DsMo (D:3)
  A giant frog (D:6)
  2 crimson imps
  An orc priest (D:5)
  2 orc wizards
  Terence (D:3)
  6 worker ants
  A howler monkey zombie (D:5)
  3 gnolls (D:5)
  7 adders
  A shadow imp (D:5)
  An ooze (D:2)
  An adder zombie (D:5)
  3 worms
  2 dart slugs
  4 giant geckos
  22 orcs
  11 bats
  6 goblins
  6 hobgoblins
  5 jackals
  4 kobolds
  A quokka (D:3)
  A ball python (D:3)
  5 giant newts
  5 rats
111 creatures vanquished.

Notes
Turn   | Place    | Note
--------------------------------------------------------------
     0 | D:1      | Oddball22 the Octopode Conjurer began the quest for the Orb.
     0 | D:1      | Reached XP level 1. HP: 11/11 MP: 3/3
   182 | D:1      | Reached XP level 2. HP: 4/17 MP: 0/5
   916 | D:1      | Learned a level 2 spell: Searing Ray
  1100 | D:2      | Reached XP level 3. HP: 21/21 MP: 2/6
  1211 | D:2      | Reached skill level 5 in Conjurations
  1482 | D:2      | Reached XP level 4. HP: 20/27 MP: 2/8
  1583 | D:2      | Found a snail-covered altar of Cheibriados.
  1583 | D:2      | Found a burning altar of Makhleb.
  1947 | D:3      | Found a shattered altar of Ashenzari.
  2043 | D:3      | Noticed Terence
  2052 | D:3      | Noticed Purgy
  2052 | D:3      | Killed Terence
  2052 | D:3      | Reached XP level 5. HP: 27/31 MP: 2/10
  2117 | D:3      | Learned a level 3 spell: Dazzling Spray
  2122 | D:3      | Learned a level 4 spell: Iskenderun's Mystic Blast
  2327 | D:3      | Killed Purgy
  2327 | D:3      | Reached XP level 6. HP: 6/36 MP: 2/12
  2798 | D:3      | Noticed Shelf's ghost (amateur DsMo)
  2825 | D:3      | Killed Shelf's ghost
  2825 | D:3      | Reached skill level 6 in Conjurations
  3242 | D:3      | Found a sacrificial altar of Ru.
  3398 | D:3      | Learned a level 4 spell: Fulminant Prism
  3862 | D:4      | Reached skill level 5 in Spellcasting
  3862 | D:4      | Reached XP level 7. HP: 41/41 MP: 8/14
  3955 | D:4      | Found a sparkling altar of Nemelex Xobeh.
  4036 | D:4      | Found a radiant altar of Vehumet.
  4042 | D:4      | Found an ancient bone altar of Kikubaaqudgha.
  4050 | D:4      | Became a worshipper of Vehumet
  4054 | D:4      | Found a deep blue altar of Sif Muna.
  4058 | D:4      | Identified Sif Muna's Disquisition on the Compass
  4327 | D:5      | Entered Level 5 of the Dungeon
  5329 | D:5      | Found a shadowy altar of Dithmenos.
  5358 | D:5      | Reached XP level 8. HP: 43/46 MP: 11/17
  5365 | D:5      | Learned a level 5 spell: Iskenderun's Battlesphere
  5386 | D:5      | Reached skill level 7 in Conjurations
  5446 | D:5      | Reached * piety under Vehumet
  5446 | D:5      | Offered knowledge of Sandblast by Vehumet.
  5446 | D:5      | Reached skill level 1 in Hexes
  5552 | D:5      | Reached skill level 1 in Charms
  6103 | D:6      | Noticed a yak
  6103 | D:6      | Noticed a yak
  6104 | D:6      | Noticed a yak
  6116 | D:6      | Noticed a yak
  6117 | D:6      | Noticed a yak
  6128 | D:6      | Killed a yak
  6128 | D:6      | Reached skill level 8 in Conjurations
  6178 | D:5      | HP: 1/46 [yak (13)]
  6181 | D:5      | Slain by a yak

Vault maps used:
D:1:      dpeg_arrival_court
D:2:      gammafunk_temple_overflow_statue
D:3:      ashenzari_altar_1, nicolae_ru_path_of_blood, serial_glass,
          glass_columns_a, glass_columns_b, glass_columns_b, glass_columns_b,
          glass_columns_a, glass_columns_c, first_bread, uniq_terence,
          uniq_purgy
D:4:      grunt_temple_overflow_magic_moments, nemelex_deck
D:5:      kennysheep_little_box
D:6:      elyvilon_altar_5, temple_statues

Skill      XL: |  1  2  3  4  5  6  7  8 |
---------------+-------------------------+-----
Conjurations   | 5 6 8 |  8.1
Spellcasting   | 3 4 5 6 |  6.4
Hexes          | 2 |  2.8
Charms         | 2 |  2.4
Dodging        | |  2.0
Stealth        | |  2.6

Action                   |  1- 3 |  4- 6 |  7- 9 || total
-------------------------+-------+-------+-------++-------
Melee: Unarmed           |     6 |       |       ||     6
       Short sword       |       |    48 |    27 ||    75
 Cast: Magic Dart        |    55 |    59 |    89 ||   203
       Searing Ray       |     2 |     6 |     9 ||    17
       Iskenderun's Batt |       |       |     1 ||     1
       Dazzling Spray    |       |       |     1 ||     1
 Stab: Sleeping          |       |     2 |     2 ||     4
  Eat: Chunk             |     2 |     6 |     7 ||    15
       Pizza             |       |       |     1 ||     1
